TOP OF THE 1ST |
New Orleans Looters batting - Pitching for Los Cabos Cartel : RHP Vicente Durán
|
Pitching: RHP Vicente Durán
|
|
Batting: RHB Francisco Ibarra
|
0-0: Foul Ball, location: 2F 0-1: Foul Ball, location: 2F 0-2: Ball 1-2: Foul Ball, location: 2F 1-2: Strikes out looking
|
Batting: LHB José Esparza
|
0-0: Ball 1-0: Swinging Strike 1-1: Foul Ball, location: 2F 1-2: Foul Ball, location: 2F 1-2: Ball 2-2: Foul Ball, location: 2F 2-2: Strikes out swinging
|
Batting: RHB Luis Alou
|
0-0: Ball 1-0: Called Strike 1-1: Ball 2-1: Foul Ball, location: 2F 2-2: Foul Ball, location: 2F 2-2: Fly out, F9 (Line Drive, 9D)
|
Top of the 1st over - 0 run(s), 0 hit(s), 0 error(s), 0 left on base; New Orleans 0 - Los Cabos 0 |
BOTTOM OF THE 1ST |
Los Cabos Cartel batting - Pitching for New Orleans Looters : RHP Marty Bradford
|
Pitching: RHP Marty Bradford
|
|
Batting: RHB Víctor Solano
|
0-0: Called Strike 0-1: Ball 1-1: SINGLE (Groundball, 56D)
|
Batting: LHB Luis González
|
0-0: Ball 1-0: Called Strike 1-1: Ball 2-1: Ball 3-1: Swinging Strike 3-2: Foul Ball, location: 2F 3-2: Fly out, F6 (Popup, 56D)
|
Batting: SHB Julián Madrid
|
0-0: Called Strike 0-1: Ball 1-1: Ball 2-1: Fly out, F7 (Flyball, 7D)
|
Batting: LHB Truman Hodge
|
0-0: Ground out 1-3 (Groundball, 2R)
|
Bottom of the 1st over - 0 run(s), 1 hit(s), 0 error(s), 1 left on base; New Orleans 0 - Los Cabos 0 |
TOP OF THE 2ND |
New Orleans Looters batting - Pitching for Los Cabos Cartel : RHP Vicente Durán
|
Batting: SHB Oliver Deleón
|
0-0: Foul Ball, location: 2F 0-1: Swinging Strike 0-2: Strikes out swinging
|
Batting: RHB Stephen Shaw
|
0-0: Swinging Strike 0-1: Ball 1-1: Fly out, F7 (Line Drive, 7D)
|
Batting: LHB Fernando Ramos
|
0-0: Called Strike 0-1: Ball 1-1: Swinging Strike 1-2: Foul Ball, location: 2F 1-2: Strikes out looking
|
Top of the 2nd over - 0 run(s), 0 hit(s), 0 error(s), 0 left on base; New Orleans 0 - Los Cabos 0 |
BOTTOM OF THE 2ND |
Los Cabos Cartel batting - Pitching for New Orleans Looters : RHP Marty Bradford
|
Batting: RHB Oliver Hernández
|
0-0: Ball 1-0: Called Strike 1-1: Ball 2-1: Ball 3-1: Foul Ball, location: 2F 3-2: Strikes out swinging
|
Batting: LHB Manny Quiñones
|
0-0: Ball 1-0: Foul Ball, location: 2F 1-1: Ground out 5-3 (Groundball, 5S)
|
Batting: RHB Beco Lombo
|
0-0: Fly out, F4 (Popup, 4D)
|
Bottom of the 2nd over - 0 run(s), 0 hit(s), 0 error(s), 0 left on base; New Orleans 0 - Los Cabos 0 |
TOP OF THE 3RD |
New Orleans Looters batting - Pitching for Los Cabos Cartel : RHP Vicente Durán
|
Batting: RHB Dave O'Loan
|
0-0: Called Strike 0-1: Ball 1-1: Ball 2-1: Fly out, F8 (Flyball, 8LD)
|
Batting: LHB Miguel Castillo
|
0-0: Ball 1-0: Foul Ball, location: 2F 1-1: Ball 2-1: Called Strike 2-2: Strikes out swinging
|
Batting: SHB Toshinobu Tanaka
|
0-0: Called Strike 0-1: Ball 1-1: Swinging Strike 1-2: Foul Ball, location: 2F 1-2: Foul Ball, location: 2F 1-2: Strikes out looking
|
Top of the 3rd over - 0 run(s), 0 hit(s), 0 error(s), 0 left on base; New Orleans 0 - Los Cabos 0 |
BOTTOM OF THE 3RD |
Los Cabos Cartel batting - Pitching for New Orleans Looters : RHP Marty Bradford
|
Batting: RHB Stephen Wilson
|
0-0: Called Strike 0-1: Ball 1-1: Ball 2-1: Foul Ball, location: 2F 2-2: Strikes out looking
|
Batting: RHB Dan Mason
|
0-0: Called Strike 0-1: SINGLE (Groundball, 6MD)
|
Batting: RHB Víctor Solano
|
0-0: Ball 1-0: Called Strike 1-1: Ball 2-1: Fielders Choice at 2nd, 5-4 (Groundball, 56)
|
Batting: LHB Luis González
|
0-0: Ball 1-0: SINGLE (Line Drive, 6MD) Víctor Solano to second
|
Batting: SHB Julián Madrid
|
0-0: Swinging Strike 0-1: Ball 1-1: SINGLE (Groundball, 4MD) Víctor Solano to third Luis González to second Runner from 3rd tries for Home, SAFE, no throw or cutoff
|
Batting: LHB Truman Hodge
|
0-0: Called Strike 0-1: DOUBLE (Line Drive, 7LS) Luis González scores Julián Madrid to third Runner from 3rd tries for Home, SAFE, throw made at trailing runner, OUT at third!
|
Bottom of the 3rd over - 3 run(s), 4 hit(s), 0 error(s), 0 left on base; New Orleans 0 - Los Cabos 3 |
TOP OF THE 4TH |
New Orleans Looters batting - Pitching for Los Cabos Cartel : RHP Vicente Durán
|
Batting: RHB Francisco Ibarra
|
0-0: Called Strike 0-1: Foul Ball, location: 2F 0-2: Foul Ball, location: 2F 0-2: Ball 1-2: Ground out U3 (Groundball, 3L)
|
Batting: LHB José Esparza
|
0-0: Ball 1-0: Ball 2-0: Foul Ball, location: 2F 2-1: Foul Ball, location: 2F 2-2: Ground out U3 (Groundball, 3)
|
Batting: RHB Luis Alou
|
0-0: Swinging Strike 0-1: Ball 1-1: Swinging Strike 1-2: Ball 2-2: Strikes out looking
|
Top of the 4th over - 0 run(s), 0 hit(s), 0 error(s), 0 left on base; New Orleans 0 - Los Cabos 3 |
BOTTOM OF THE 4TH |
Los Cabos Cartel batting - Pitching for New Orleans Looters : RHP Marty Bradford
|
Batting: RHB Oliver Hernández
|
0-0: Ball 1-0: Foul Ball, location: 2F 1-1: Swinging Strike 1-2: SINGLE (Groundball, 34D)
|
Batting: LHB Manny Quiñones
|
0-0: Called Strike 0-1: Ball 1-1: Ball 2-1: Ball 3-1: Base on Balls Oliver Hernández to second
|
Batting: RHB Beco Lombo
|
0-0: Ball Passed Ball! Oliver Hernández to third Manny Quiñones to second 1-0: DOUBLE (Line Drive, 6M) Oliver Hernández scores Manny Quiñones scores
|
Batting: RHB Stephen Wilson
|
0-0: Called Strike 0-1: Ball 1-1: Ball 2-1: Foul Ball, location: 2F 2-2: Fly out, F4 (Line Drive, 4)
|
Batting: RHB Dan Mason
|
0-0: Called Strike 0-1: Called Strike 0-2: Strikes out swinging
|
Batting: RHB Víctor Solano
|
0-0: Ball 1-0: Ball 2-0: Foul Ball, location: 2F 2-1: Ground out 5-3 (Groundball, 56)
|
Bottom of the 4th over - 2 run(s), 2 hit(s), 0 error(s), 1 left on base; New Orleans 0 - Los Cabos 5 |
TOP OF THE 5TH |
New Orleans Looters batting - Pitching for Los Cabos Cartel : RHP Vicente Durán
|
Batting: SHB Oliver Deleón
|
0-0: Ball 1-0: Foul Ball, location: 2F 1-1: Swinging Strike 1-2: Strikes out swinging
|
Batting: RHB Stephen Shaw
|
0-0: Called Strike 0-1: Swinging Strike 0-2: Strikes out looking
|
Batting: LHB Fernando Ramos
|
0-0: Ball 1-0: Called Strike 1-1: Swinging Strike 1-2: Strikes out swinging
|
Top of the 5th over - 0 run(s), 0 hit(s), 0 error(s), 0 left on base; New Orleans 0 - Los Cabos 5 |
BOTTOM OF THE 5TH |
Los Cabos Cartel batting - Pitching for New Orleans Looters : RHP Marty Bradford
|
Batting: LHB Luis González
|
0-0: Called Strike 0-1: Called Strike 0-2: Ball 1-2: Fly out, F8 (Flyball, 8RD)
|
Batting: SHB Julián Madrid
|
0-0: Ball 1-0: Fly out, F8 (Popup, 6MD)
|
Batting: LHB Truman Hodge
|
0-0: SINGLE (Line Drive, 6MD)
|
Batting: RHB Oliver Hernández
|
0-0: Swinging Strike 0-1: Ball 1-1: Ball 2-1: Ball 3-1: Swinging Strike 3-2: Ground out 5-3 (Groundball, 56)
|
Bottom of the 5th over - 0 run(s), 1 hit(s), 0 error(s), 1 left on base; New Orleans 0 - Los Cabos 5 |
TOP OF THE 6TH |
New Orleans Looters batting - Pitching for Los Cabos Cartel : RHP Vicente Durán
|
Batting: RHB Dave O'Loan
|
0-0: Called Strike 0-1: Called Strike 0-2: Ball 1-2: Ball 2-2: Strikes out swinging
|
Batting: LHB Miguel Castillo
|
0-0: Ball 1-0: Foul Ball, location: 2F 1-1: Foul Ball, location: 2F 1-2: Ball 2-2: Ball 3-2: Foul Ball, location: 2F 3-2: Strikes out swinging
|
Batting: SHB Toshinobu Tanaka
|
0-0: Called Strike 0-1: Ball 1-1: TRIPLE (Flyball, 8RXD)
|
Batting: RHB Francisco Ibarra
|
0-0: Foul Ball, location: 2F 0-1: Foul Ball, location: 2F 0-2: Ball 1-2: Foul Ball, location: 2F 1-2: Ball 2-2: Ball 3-2: Fly out, F6 (Popup, 6MD)
|
Top of the 6th over - 0 run(s), 1 hit(s), 0 error(s), 1 left on base; New Orleans 0 - Los Cabos 5 |
BOTTOM OF THE 6TH |
Los Cabos Cartel batting - Pitching for New Orleans Looters : RHP Marty Bradford
|
Batting: LHB Manny Quiñones
|
0-0: Called Strike 0-1: Ball 1-1: Swinging Strike 1-2: Fly out, F6 (Line Drive, 6D)
|
Batting: RHB Beco Lombo
|
0-0: Called Strike 0-1: Fly out, F3 (Popup, 3DF)
|
Batting: RHB Stephen Wilson
|
0-0: Ball 1-0: Ball 2-0: Swinging Strike 2-1: Foul Ball, location: 2F 2-2: Fly out, F7 (Flyball, 7D)
|
Bottom of the 6th over - 0 run(s), 0 hit(s), 0 error(s), 0 left on base; New Orleans 0 - Los Cabos 5 |
TOP OF THE 7TH |
New Orleans Looters batting - Pitching for Los Cabos Cartel : RHP Vicente Durán
|
Batting: LHB José Esparza
|
0-0: Ball 1-0: Ball 2-0: Ball 3-0: Called Strike 3-1: Swinging Strike 3-2: Strikes out swinging
|
Pitching: RHP Juan Velázquez
|
|
Batting: RHB Luis Alou
|
0-0: Ball 1-0: Foul Ball, location: 2F 1-1: Ball 2-1: Ball 3-1: Base on Balls
|
Batting: SHB Oliver Deleón
|
0-0: SINGLE (Line Drive, 8LS) Luis Alou to second
|
Batting: RHB Stephen Shaw
|
0-0: Ball 1-0: Ball 2-0: SINGLE (Groundball, 34D) Luis Alou to third Oliver Deleón to second Runner from 3rd tries for Home, SAFE, throw made at trailing runner, OUT at third!
|
Batting: LHB Fernando Ramos
|
0-0: Foul Ball, location: 2F 0-1: Ball 1-1: Foul Ball, location: 2F 1-2: Ball 2-2: Strikes out swinging
|
Top of the 7th over - 1 run(s), 2 hit(s), 0 error(s), 1 left on base; New Orleans 1 - Los Cabos 5 |
BOTTOM OF THE 7TH |
Los Cabos Cartel batting - Pitching for New Orleans Looters : RHP Marty Bradford
|
Pitching: RHP Armando Félix
|
|
Batting: RHB Dan Mason
|
0-0: Called Strike 0-1: DOUBLE (Line Drive, 8LD)
|
Batting: RHB Víctor Solano
|
0-0: Called Strike 0-1: Ball 1-1: Ball 2-1: 2-RUN HOME RUN (Line Drive, 7LD), Distance : 364 ft
|
Batting: LHB Luis González
|
0-0: Called Strike 0-1: Ball 1-1: Foul Ball, location: 2F 1-2: Ball 2-2: SINGLE (Groundball, 34D)
|
Batting: SHB Julián Madrid
|
0-0: Ball 1-0: Ball 2-0: Ball 3-0: Base on Balls Luis González to second
|
Batting: LHB Truman Hodge
|
0-0: Ball 1-0: Foul Ball, location: 2F 1-1: Called Strike 1-2: SINGLE (Line Drive, 4MD) Luis González to third Julián Madrid to second
|
Batting: RHB Oliver Hernández
|
0-0: Ball 1-0: Ball 2-0: Called Strike 2-1: Called Strike 2-2: SINGLE (Groundball, 6MD) Luis González scores Julián Madrid to third Truman Hodge to second
|
Pitching: RHP Ricardo Pérez
|
|
Batting: LHB Manny Quiñones
|
0-0: Called Strike 0-1: Ball 1-1: SINGLE (Line Drive, 4D) Julián Madrid scores Truman Hodge to third Oliver Hernández to second Runner from 3rd tries for Home, SAFE, throw made home Oliver Hernández to third Manny Quiñones to second
|
Batting: RHB Beco Lombo
|
0-0: Swinging Strike 0-1: Ball 1-1: Ball 2-1: Foul Ball, location: 2F 2-2: Foul Ball, location: 2F 2-2: Ball 3-2: Ground out 5-3 (Groundball, 56) Oliver Hernández scores
|
Batting: RHB Stephen Wilson
|
0-0: Ground out 6-3 (Groundball, 6)
|
Batting: RHB Dan Mason
|
0-0: Called Strike 0-1: Ball 1-1: Ball 2-1: 2-RUN HOME RUN (Flyball, 78XD), Distance : 407 ft
|
Batting: RHB Víctor Solano
|
0-0: Ball 1-0: Ball 2-0: Foul Ball, location: 2F 2-1: Foul Ball, location: 2F 2-2: Ball 3-2: Foul Ball, location: 2F 3-2: Ground out 2-3 (Groundball, 2R)
|
Bottom of the 7th over - 8 run(s), 7 hit(s), 0 error(s), 0 left on base; New Orleans 1 - Los Cabos 13 |
TOP OF THE 8TH |
New Orleans Looters batting - Pitching for Los Cabos Cartel : RHP Juan Velázquez
|
Now in RF: Oliver Lugo
|
|
Batting: RHB Dave O'Loan
|
0-0: Called Strike 0-1: Ball 1-1: Ball 2-1: Fly out, F5 (Popup, 7LSF)
|
Batting: LHB Miguel Castillo
|
0-0: Foul Ball, location: 2F 0-1: Ball 1-1: Ball 2-1: Foul Ball, location: 2F 2-2: Ball 3-2: Foul Ball, location: 2F 3-2: Ground out 3-1 (Groundball, 34)
|
Batting: SHB Toshinobu Tanaka
|
0-0: Called Strike 0-1: Swinging Strike 0-2: Strikes out swinging
|
Top of the 8th over - 0 run(s), 0 hit(s), 0 error(s), 0 left on base; New Orleans 1 - Los Cabos 13 |
BOTTOM OF THE 8TH |
Los Cabos Cartel batting - Pitching for New Orleans Looters : RHP Ricardo Pérez
|
Batting: LHB Luis González
|
0-0: Swinging Strike 0-1: Ball 1-1: Ball 2-1: Swinging Strike 2-2: Fly out, F7 (Line Drive, 7S)
|
Batting: SHB Julián Madrid
|
0-0: Foul Ball, location: 2F 0-1: Foul Ball, location: 2F 0-2: Ball 1-2: Ground out 4-3 (Groundball, 4)
|
Pinch Hitting: RHB Michael Barraclough
|
0-0: Ball 1-0: Called Strike 1-1: Ball 2-1: Foul Ball, location: 2F 2-2: Strikes out looking
|
Bottom of the 8th over - 0 run(s), 0 hit(s), 0 error(s), 0 left on base; New Orleans 1 - Los Cabos 13 |
TOP OF THE 9TH |
New Orleans Looters batting - Pitching for Los Cabos Cartel : RHP Juan Velázquez
|
Now at 1B: Michael Barraclough
|
|
Batting: RHB Francisco Ibarra
|
0-0: Foul Ball, location: 2F 0-1: Ground out 6-3 (Groundball, 6)
|
Batting: LHB José Esparza
|
0-0: Ball 1-0: Ball 2-0: Ball 3-0: Called Strike 3-1: Swinging Strike 3-2: Strikes out swinging
|
Batting: RHB Luis Alou
|
0-0: Ball 1-0: Ground out 4-3 (Groundball, 4M)
|
Top of the 9th over - 0 run(s), 0 hit(s), 0 error(s), 0 left on base; New Orleans 1 - Los Cabos 13 |
|